[ PARTIDA AOE2 · #467686723 ]
Team RMTeutones vs Turks
[ ANÁLISIS DE REPETICIÓN · EXTRAÍDO DE LA PARTIDA GRABADA ]
Feudal
13:36
Castillos
19:25
Imperial
30:57
| APM promedio | 15.3 |
| APM pico | 43 |
| eAPM promedio | 11.8 |
| Aldeanos / militares | 112 / 119 |
Foco
⚔️ 35.3% · 🌾 64.7%
Militia ×57 · Knight ×37 · Teutonic Knight ×13 · Spearman ×6 · Trade Cart ×6 · Trebuchet (Packed) ×5
Feudal
—
Castillos
—
Imperial
—
| APM promedio | 15.3 |
| APM pico | 43 |
| eAPM promedio | 12.2 |
| Aldeanos / militares | 138 / 209 |
Foco
⚔️ 28.4% · 🌾 71.6%
Janissary ×108 · Camel Scout ×92 · Trebuchet (Packed) ×4 · Battering Ram ×3 · Monk ×2
Feudal
11:22
Castillos
15:16
Imperial
33:14
| APM promedio | 19.6 |
| APM pico | 39 |
| eAPM promedio | 13.5 |
| Aldeanos / militares | 128 / 238 |
Foco
⚔️ 22.5% · 🌾 77.5%
Monaspa ×207 · Scorpion ×25 · Trade Cart ×15 · Trebuchet (Packed) ×4 · Monk ×2
Feudal
11:29
Castillos
18:59
Imperial
34:54
| APM promedio | 15.6 |
| APM pico | 31 |
| eAPM promedio | 14.3 |
| Aldeanos / militares | 180 / 128 |
Foco
⚔️ 20.1% · 🌾 79.9%
Scout Cavalry ×64 · Mameluke ×47 · Skirmisher ×5 · Monk ×4 · Trebuchet (Packed) ×3 · Knight ×3
Mapa de la partida
Recursos al inicio + cada clic de construcción. Línea gruesa = muro · recuadro discontinuo = muro de casas detectado. 🟡 oro · ⚪ piedra · 🟢 bayas · 🔶 jabalí · ⭕ reliquia
Tu base· Abierta — flanco sin cerrar
Base de Anabella9011· Abierta — flanco sin cerrar
Base de Georgia· Abierta — flanco sin cerrar
Base de Clockwise Haggis· Abierta — flanco sin cerrar
Terreno con relieve · ⚠ = hueco de muro detectado · pasá el cursor para detalles
Inputs por minuto
— hardiknavet2000 - - Anabella9011
Build order — hardiknavet2000
Primeras 150 de 357 acciones detectadas
| 0:08 | Construir | House |
| 0:09 | Crear | Villager (Male) |
| 0:09 | Crear | Villager (Male) |
| 0:09 | Crear | Villager (Male) |
| 0:09 | Crear | Villager (Male) |
| 0:10 | Crear | Villager (Male) |
| 0:10 | Crear | Villager (Male) |
| 1:29 | Crear | Villager (Male) |
| 1:29 | Crear | Villager (Male) |
| 2:03 | Construir | House |
| 2:07 | Crear | Villager (Male) |
| 2:41 | Crear | Villager (Male) |
| 2:41 | Crear | Villager (Male) |
| 2:41 | Crear | Villager (Male) |
| 2:46 | Construir | Lumber Camp |
| 2:52 | Construir | House |
| 2:55 | Construir | House |
| 3:27 | Crear | Villager (Male) |
| 4:12 | Crear | Villager (Male) |
| 4:12 | Crear | Villager (Male) |
| 4:46 | Crear | Villager (Male) |
| 4:47 | Crear | Villager (Male) |
| 4:47 | Crear | Villager (Male) |
| 5:19 | Construir | Mill |
| 5:22 | Crear | Villager (Male) |
| 5:22 | Crear | Villager (Male) |
| 6:11 | Crear | Villager (Male) |
| 6:12 | Crear | Villager (Male) |
| 6:12 | Crear | Villager (Male) |
| 7:01 | Crear | Villager (Male) |
| 7:02 | Crear | Villager (Male) |
| 7:04 | Crear | Villager (Male) |
| 7:58 | Construir | Mining Camp |
| 8:01 | Crear | Villager (Male) |
| 8:02 | Crear | Villager (Male) |
| 8:02 | Crear | Villager (Male) |
| 8:42 | Crear | Villager (Male) |
| 8:42 | Crear | Villager (Male) |
| 9:16 | Construir | Barracks |
| 9:17 | Construir | House |
| 9:44 | Crear | Villager (Male) |
| 10:33 | Construir | Farm |
| 10:34 | Construir | Farm |
| 10:36 | Construir | Farm |
| 10:38 | Construir | Farm |
| 10:40 | Construir | Farm |
| 10:41 | Construir | Farm |
| 10:43 | Construir | Farm |
| 10:44 | Construir | Farm |
| 10:53 | Construir | House |
| 11:26 | Investigar | Feudal Age |
| 11:46 | Construir | Farm |
| 12:17 | Construir | Farm |
| 12:30 | Crear | Villager (Male) |
| 12:30 | Crear | Villager (Male) |
| 12:41 | Construir | Mining Camp |
| 13:36 | Edad | Edad Feudal |
| 14:16 | Construir | Blacksmith |
| 14:22 | Crear | Villager (Male) |
| 14:56 | Crear | Villager (Male) |
| 15:07 | Crear | Villager (Male) |
| 15:21 | Construir | Market |
| 15:46 | Crear | Villager (Male) |
| 16:06 | Crear | Villager (Male) |
| 16:21 | Construir | Farm |
| 16:23 | Construir | Farm |
| 16:25 | Construir | Farm |
| 16:30 | Construir | Farm |
| 16:33 | Construir | Farm |
| 16:45 | Investigar | Castle Age |
| 16:59 | Investigar | Double-Bit Axe |
| 17:12 | Investigar | Man-at-Arms (upgrade) |
| 17:18 | Investigar | Scale Barding Armor |
| 17:20 | Investigar | Forging |
| 17:29 | Investigar | Scale Mail Armor |
| 18:02 | Crear | Militia |
| 18:02 | Crear | Militia |
| 18:03 | Crear | Militia |
| 18:04 | Crear | Militia |
| 18:04 | Crear | Militia |
| 18:05 | Crear | Militia |
| 18:29 | Investigar | Gold Mining |
| 18:38 | Investigar | Horse Collar |
| 18:57 | Crear | Militia |
| 19:00 | Investigar | Arson |
| 19:23 | Construir | House |
| 19:25 | Edad | Edad de los Castillos |
| 19:30 | Crear | Villager (Male) |
| 19:31 | Crear | Villager (Male) |
| 19:33 | Crear | Villager (Male) |
| 19:49 | Construir | House |
| 19:50 | Construir | House |
| 19:55 | Investigar | Long Swordsman (upgrade) |
| 19:55 | Investigar | Squires |
| 20:12 | Construir | Town Center |
| 20:40 | Crear | Villager (Male) |
| 20:40 | Crear | Villager (Male) |
| 20:40 | Crear | Villager (Male) |
| 21:36 | Crear | Villager (Male) |
| 21:41 | Crear | Spearman |
| 21:42 | Crear | Spearman |
| 21:49 | Crear | Villager (Male) |
| 21:49 | Crear | Villager (Male) |
| 21:54 | Crear | Militia |
| 21:54 | Crear | Militia |
| 21:55 | Crear | Militia |
| 21:55 | Crear | Militia |
| 22:00 | Crear | Militia |
| 22:00 | Crear | Militia |
| 22:03 | Crear | Militia |
| 22:26 | Crear | Villager (Male) |
| 22:26 | Crear | Villager (Male) |
| 22:39 | Construir | Town Center |
| 23:25 | Crear | Villager (Male) |
| 23:26 | Crear | Villager (Male) |
| 23:26 | Crear | Villager (Male) |
| 23:37 | Crear | Militia |
| 23:37 | Crear | Militia |
| 24:00 | Construir | Farm |
| 24:04 | Crear | Villager (Male) |
| 24:04 | Crear | Villager (Male) |
| 24:04 | Crear | Villager (Male) |
| 24:04 | Crear | Villager (Male) |
| 24:11 | Construir | Farm |
| 24:13 | Construir | Farm |
| 24:14 | Construir | Farm |
| 24:17 | Construir | Farm |
| 24:18 | Construir | Farm |
| 24:20 | Construir | Farm |
| 24:23 | Crear | Villager (Male) |
| 24:23 | Crear | Villager (Male) |
| 24:23 | Crear | Villager (Male) |
| 24:47 | Construir | Castle |
| 25:07 | Construir | Farm |
| 25:08 | Construir | Farm |
| 25:11 | Construir | House |
| 25:12 | Construir | House |
| 25:13 | Construir | House |
| 25:25 | Crear | Villager (Male) |
| 25:25 | Crear | Villager (Male) |
| 25:28 | Crear | Villager (Male) |
| 25:28 | Crear | Villager (Male) |
| 26:16 | Construir | Mining Camp |
| 26:36 | Construir | Stable |
| 26:48 | Construir | Barracks |
| 26:55 | Construir | Farm |
| 26:57 | Construir | Farm |
| 26:58 | Construir | Farm |
| 27:00 | Construir | Farm |
| 27:04 | Crear | Villager (Male) |
Build order — Anabella9011
Primeras 150 de 362 acciones detectadas
| 0:04 | Construir | House |
| 0:05 | Construir | House |
| 0:06 | Crear | Villager (Male) ×4 |
| 1:36 | Crear | Villager (Male) |
| 1:36 | Crear | Villager (Male) |
| 2:17 | Crear | Villager (Male) |
| 2:17 | Crear | Villager (Male) |
| 2:17 | Crear | Villager (Male) |
| 2:51 | Crear | Villager (Male) |
| 3:12 | Construir | House |
| 3:14 | Construir | House |
| 3:17 | Construir | House |
| 3:20 | Crear | Villager (Male) |
| 3:57 | Crear | Villager (Male) |
| 3:58 | Crear | Villager (Male) |
| 4:30 | Crear | Villager (Male) |
| 4:30 | Crear | Villager (Male) |
| 4:31 | Crear | Villager (Male) |
| 5:04 | Construir | Mill |
| 5:22 | Crear | Villager (Male) |
| 5:23 | Crear | Villager (Male) |
| 5:44 | Crear | Villager (Male) |
| 5:44 | Crear | Villager (Male) |
| 5:44 | Crear | Villager (Male) |
| 6:42 | Construir | Mill |
| 6:57 | Crear | Villager (Male) |
| 7:00 | Crear | Villager (Male) |
| 7:00 | Crear | Villager (Male) |
| 8:10 | Crear | Villager (Male) |
| 8:11 | Crear | Villager (Male) |
| 8:27 | Construir | Lumber Camp |
| 8:40 | Construir | Mining Camp |
| 9:08 | Investigar | Feudal Age |
| 9:28 | Construir | Farm |
| 9:46 | Construir | Farm |
| 9:50 | Crear | Villager (Male) |
| 9:50 | Crear | Villager (Male) |
| 9:51 | Crear | Villager (Male) |
| 11:22 | Construir | Blacksmith |
| 11:39 | Construir | Market |
| 11:54 | Crear | Villager (Male) |
| 12:15 | Construir | Farm |
| 12:19 | Construir | Farm |
| 12:38 | Construir | Farm |
| 12:43 | Crear | Villager (Male) |
| 13:00 | Construir | Farm |
| 13:15 | Investigar | Castle Age |
| 13:29 | Construir | Farm |
| 15:35 | Construir | Farm |
| 15:36 | Construir | Farm |
| 15:37 | Construir | Farm |
| 15:39 | Construir | Farm |
| 15:41 | Construir | Farm |
| 15:43 | Construir | Farm |
| 16:01 | Crear | Villager (Male) ×5 |
| 16:06 | Construir | Town Center |
| 16:09 | Investigar | Town Watch |
| 16:14 | Construir | House |
| 16:15 | Construir | House |
| 16:17 | Investigar | Double-Bit Axe |
| 16:25 | Crear | Villager (Male) ×5 |
| 16:52 | Investigar | Stone Mining |
| 17:10 | Crear | Villager (Male) ×5 |
| 17:22 | Investigar | Bow Saw |
| 17:48 | Investigar | Horse Collar |
| 18:18 | Investigar | Gold Mining |
| 18:30 | Crear | Villager (Male) |
| 18:32 | Crear | Villager (Male) |
| 18:34 | Crear | Villager (Male) |
| 18:35 | Crear | Villager (Male) |
| 18:54 | Construir | Monastery |
| 18:59 | Construir | House |
| 19:03 | Crear | Villager (Male) |
| 19:04 | Crear | Villager (Male) |
| 19:06 | Crear | Villager (Male) |
| 19:07 | Crear | Villager (Male) |
| 19:36 | Crear | Monk |
| 19:37 | Crear | Monk |
| 19:39 | Investigar | Fervor |
| 20:15 | Crear | Villager (Male) ×5 |
| 20:18 | Investigar | Loom |
| 20:22 | Construir | Farm |
| 20:45 | Construir | Farm |
| 20:49 | Crear | Villager (Male) |
| 20:49 | Crear | Villager (Male) |
| 20:49 | Crear | Villager (Male) |
| 20:55 | Construir | Farm |
| 20:57 | Construir | Farm |
| 20:58 | Construir | Farm |
| 20:59 | Construir | Farm |
| 21:02 | Construir | Farm |
| 21:06 | Crear | Villager (Male) |
| 21:06 | Crear | Villager (Male) |
| 21:06 | Crear | Villager (Male) |
| 21:12 | Construir | House |
| 21:13 | Construir | House |
| 21:26 | Construir | Farm |
| 21:33 | Investigar | Wheelbarrow |
| 21:47 | Construir | Castle |
| 21:53 | Construir | Mining Camp |
| 21:56 | Investigar | Heavy Plow |
| 22:05 | Construir | Farm |
| 22:08 | Construir | Farm |
| 22:11 | Construir | Farm |
| 22:15 | Construir | Farm |
| 22:21 | Construir | Farm |
| 22:26 | Construir | Farm |
| 22:32 | Construir | Farm |
| 22:49 | Investigar | Town Patrol |
| 23:12 | Crear | Villager (Male) |
| 23:12 | Crear | Villager (Male) |
| 23:13 | Crear | Villager (Male) |
| 23:28 | Construir | Town Center |
| 23:36 | Crear | Villager (Male) |
| 23:36 | Crear | Villager (Male) ×5 |
| 23:52 | Crear | Janissary |
| 23:52 | Crear | Janissary |
| 24:02 | Investigar | Fletching |
| 24:14 | Construir | Farm |
| 24:15 | Construir | Farm |
| 24:17 | Construir | Farm |
| 24:19 | Crear | Janissary |
| 24:35 | Crear | Villager (Male) ×5 |
| 24:44 | Construir | Farm |
| 24:48 | Construir | Farm |
| 24:52 | Construir | Farm |
| 24:57 | Construir | Farm |
| 25:01 | Construir | Farm |
| 25:08 | Crear | Villager (Male) |
| 25:08 | Crear | Villager (Male) |
| 25:10 | Crear | Villager (Male) ×5 |
| 25:17 | Construir | Mining Camp |
| 25:42 | Crear | Villager (Male) ×5 |
| 25:47 | Crear | Janissary |
| 25:48 | Crear | Janissary |
| 25:49 | Crear | Janissary |
| 26:06 | Crear | Janissary |
| 26:17 | Investigar | Gold Shaft Mining |
| 26:51 | Investigar | Hand Cart |
| 26:55 | Crear | Villager (Male) ×5 |
| 26:58 | Crear | Villager (Male) |
| 26:58 | Crear | Villager (Male) |
| 27:00 | Crear | Villager (Male) |
| 27:05 | Construir | House |
| 27:20 | Construir | House |
| 27:21 | Construir | House |
| 27:22 | Construir | House |
| 27:26 | Investigar | Bodkin Arrow |
| 27:27 | Investigar | Padded Archer Armor |
| 27:35 | Crear | Janissary |
Build order — Georgia
Primeras 150 de 346 acciones detectadas
| 0:02 | Crear | Villager (Male) ×4 |
| 0:04 | Construir | House |
| 0:05 | Construir | House |
| 1:28 | Investigar | Loom |
| 1:34 | Crear | Villager (Male) |
| 2:18 | Crear | Villager (Male) |
| 2:19 | Crear | Villager (Male) |
| 3:01 | Crear | Villager (Male) |
| 3:26 | Crear | Villager (Male) |
| 4:05 | Crear | Villager (Male) |
| 4:13 | Construir | House |
| 4:16 | Crear | Villager (Male) |
| 4:36 | Crear | Villager (Male) |
| 5:03 | Crear | Villager (Male) |
| 5:17 | Construir | Mule Cart |
| 5:25 | Crear | Villager (Male) |
| 6:10 | Crear | Villager (Male) |
| 6:20 | Construir | House |
| 6:37 | Crear | Villager (Male) |
| 6:42 | Crear | Villager (Male) |
| 6:55 | Construir | Mill |
| 7:07 | Crear | Villager (Male) |
| 7:42 | Construir | Farm |
| 7:49 | Construir | Farm |
| 7:53 | Crear | Villager (Male) |
| 8:00 | Construir | Farm |
| 8:08 | Crear | Villager (Male) |
| 8:14 | Construir | Farm |
| 8:36 | Crear | Villager (Male) |
| 9:08 | Crear | Villager (Male) |
| 9:10 | Construir | Farm |
| 9:12 | Investigar | Feudal Age |
| 9:26 | Construir | House |
| 10:50 | Crear | Villager (Male) |
| 11:22 | Edad | Edad Feudal |
| 11:25 | Construir | Blacksmith |
| 11:32 | Construir | Market |
| 11:38 | Crear | Villager (Male) |
| 11:55 | Construir | Farm |
| 12:15 | Construir | Farm |
| 12:36 | Investigar | Castle Age |
| 13:36 | Crear | Villager (Male) |
| 13:46 | Investigar | Horse Collar |
| 13:49 | Investigar | Double-Bit Axe |
| 15:16 | Edad | Edad de los Castillos |
| 15:20 | Construir | Town Center |
| 15:26 | Construir | Town Center |
| 15:32 | Crear | Villager (Male) |
| 15:49 | Construir | Farm |
| 15:58 | Crear | Villager (Male) |
| 16:12 | Construir | House |
| 16:14 | Construir | House |
| 16:15 | Construir | House |
| 16:16 | Construir | House |
| 16:17 | Construir | House |
| 16:18 | Construir | House |
| 16:24 | Crear | Villager (Male) |
| 16:41 | Construir | Farm |
| 16:41 | Construir | Farm |
| 16:42 | Construir | Farm |
| 16:43 | Crear | Villager (Male) |
| 16:44 | Crear | Villager (Male) |
| 16:49 | Construir | Farm |
| 16:49 | Construir | Farm |
| 17:01 | Construir | Farm |
| 17:03 | Crear | Villager (Male) |
| 17:04 | Crear | Villager (Male) |
| 17:06 | Crear | Villager (Male) |
| 17:10 | Crear | Villager (Male) |
| 17:16 | Construir | Farm |
| 17:23 | Construir | Farm |
| 17:27 | Crear | Villager (Male) |
| 17:35 | Crear | Villager (Male) |
| 17:39 | Construir | Farm |
| 17:41 | Crear | Villager (Male) |
| 17:42 | Crear | Villager (Male) |
| 17:52 | Construir | Farm |
| 17:56 | Crear | Villager (Male) |
| 17:59 | Crear | Villager (Male) |
| 18:04 | Crear | Villager (Male) |
| 18:04 | Crear | Villager (Male) |
| 18:20 | Crear | Villager (Male) |
| 18:21 | Crear | Villager (Male) |
| 18:41 | Construir | Farm |
| 18:42 | Construir | Farm |
| 18:42 | Construir | Farm |
| 18:43 | Construir | Farm |
| 18:44 | Construir | Farm |
| 18:48 | Crear | Villager (Male) |
| 18:52 | Crear | Villager (Male) |
| 18:53 | Crear | Villager (Male) |
| 18:56 | Construir | Farm |
| 19:12 | Crear | Villager (Male) |
| 19:21 | Construir | Farm |
| 19:30 | Crear | Villager (Male) |
| 19:32 | Crear | Villager (Male) |
| 19:47 | Crear | Villager (Male) |
| 19:48 | Crear | Villager (Male) |
| 19:49 | Crear | Villager (Male) |
| 19:58 | Crear | Villager (Male) |
| 20:06 | Crear | Villager (Male) |
| 20:15 | Construir | Farm |
| 20:18 | Crear | Villager (Male) |
| 20:25 | Crear | Villager (Male) |
| 20:26 | Crear | Villager (Male) |
| 20:29 | Construir | Farm |
| 20:37 | Construir | Farm |
| 20:43 | Crear | Villager (Male) |
| 20:55 | Construir | Mule Cart |
| 20:58 | Crear | Villager (Male) |
| 21:02 | Construir | Farm |
| 21:06 | Crear | Villager (Male) |
| 21:06 | Crear | Villager (Male) |
| 21:12 | Crear | Villager (Male) |
| 21:19 | Construir | Mule Cart |
| 21:20 | Crear | Villager (Male) |
| 21:23 | Investigar | Heavy Plow |
| 21:24 | Investigar | Bow Saw |
| 21:28 | Investigar | Stone Mining |
| 21:33 | Investigar | Gold Mining |
| 21:35 | Crear | Villager (Male) |
| 21:40 | Construir | House |
| 21:41 | Construir | House |
| 21:41 | Construir | House |
| 21:42 | Construir | House |
| 21:43 | Construir | House |
| 21:48 | Investigar | Wheelbarrow |
| 21:49 | Crear | Villager (Male) |
| 21:53 | Investigar | Loom |
| 21:54 | Crear | Villager (Male) |
| 22:01 | Construir | Mule Cart |
| 22:09 | Crear | Villager (Male) |
| 22:25 | Crear | Villager (Male) |
| 22:27 | Crear | Villager (Male) |
| 22:36 | Construir | Monastery |
| 22:41 | Crear | Villager (Male) |
| 22:47 | Construir | Monastery |
| 22:50 | Crear | Villager (Male) |
| 22:52 | Crear | Villager (Male) |
| 22:53 | Crear | Villager (Male) |
| 22:54 | Crear | Villager (Male) |
| 22:59 | Construir | Monastery |
| 23:04 | Construir | Farm |
| 23:06 | Crear | Villager (Male) |
| 23:07 | Crear | Villager (Male) |
| 23:13 | Construir | House |
| 23:20 | Crear | Monk |
| 23:41 | Construir | Market |
| 23:46 | Construir | Monastery |
| 23:52 | Construir | Mill |
Build order — Clockwise Haggis
Primeras 150 de 434 acciones detectadas
| 0:04 | Construir | House |
| 0:06 | Construir | House |
| 0:08 | Crear | Villager (Male) |
| 0:09 | Crear | Villager (Male) |
| 0:09 | Crear | Villager (Male) |
| 0:09 | Crear | Villager (Male) |
| 0:09 | Crear | Villager (Male) |
| 0:10 | Crear | Villager (Male) |
| 0:23 | Construir | House |
| 0:25 | Construir | House |
| 1:56 | Crear | Villager (Male) |
| 2:26 | Crear | Villager (Male) |
| 2:26 | Crear | Villager (Male) |
| 2:56 | Crear | Villager (Male) |
| 2:57 | Crear | Villager (Male) |
| 3:04 | Construir | Lumber Camp |
| 3:17 | Crear | Villager (Male) |
| 3:19 | Crear | Villager (Male) |
| 3:55 | Crear | Villager (Male) |
| 4:28 | Crear | Villager (Male) |
| 4:31 | Crear | Villager (Male) |
| 4:43 | Construir | Mill |
| 5:09 | Crear | Villager (Male) |
| 5:32 | Crear | Villager (Male) |
| 6:19 | Crear | Villager (Male) |
| 6:42 | Crear | Villager (Male) |
| 6:45 | Crear | Villager (Male) |
| 7:10 | Crear | Villager (Male) |
| 7:51 | Crear | Villager (Male) |
| 8:03 | Crear | Villager (Male) |
| 8:18 | Construir | House |
| 8:21 | Construir | House |
| 9:19 | Investigar | Feudal Age |
| 9:31 | Construir | House |
| 9:35 | Construir | House |
| 9:35 | Construir | House |
| 9:37 | Construir | House |
| 9:38 | Construir | House |
| 9:40 | Construir | House |
| 10:03 | Construir | Mill |
| 10:56 | Construir | Barracks |
| 11:26 | Crear | Villager (Male) |
| 11:27 | Crear | Villager (Male) |
| 11:29 | Edad | Edad Feudal |
| 11:31 | Crear | Villager (Male) |
| 11:35 | Investigar | Horse Collar |
| 11:37 | Investigar | Double-Bit Axe |
| 11:49 | Construir | Market |
| 11:56 | Construir | Blacksmith |
| 12:08 | Crear | Villager (Male) |
| 12:18 | Construir | Mining Camp |
| 12:43 | Construir | Mining Camp |
| 12:48 | Crear | Villager (Male) |
| 12:48 | Crear | Villager (Male) |
| 13:33 | Construir | Farm |
| 13:33 | Construir | Farm |
| 13:33 | Construir | Farm |
| 13:49 | Construir | House |
| 14:09 | Crear | Villager (Male) |
| 14:10 | Crear | Villager (Male) |
| 14:45 | Construir | Farm |
| 14:45 | Construir | Farm |
| 14:46 | Construir | Farm |
| 14:46 | Construir | Farm |
| 15:21 | Construir | Mining Camp |
| 15:29 | Crear | Villager (Male) |
| 15:29 | Crear | Villager (Male) |
| 15:40 | Construir | Farm |
| 15:45 | Construir | Farm |
| 16:11 | Investigar | Castle Age |
| 16:30 | Construir | Farm |
| 16:30 | Construir | Farm |
| 16:35 | Construir | Farm |
| 16:38 | Construir | Farm |
| 16:49 | Construir | Farm |
| 16:56 | Crear | Villager (Male) |
| 16:57 | Crear | Villager (Male) |
| 16:57 | Crear | Villager (Male) |
| 17:28 | Investigar | Loom |
| 17:28 | Crear | Villager (Male) |
| 17:29 | Crear | Villager (Male) |
| 18:27 | Investigar | Forging |
| 18:44 | Construir | Archery Range |
| 18:59 | Edad | Edad de los Castillos |
| 19:05 | Construir | Town Center |
| 19:12 | Crear | Villager (Male) |
| 19:35 | Construir | Town Center |
| 19:44 | Crear | Villager (Male) |
| 19:45 | Investigar | Town Watch |
| 19:46 | Investigar | Wheelbarrow |
| 19:47 | Crear | Villager (Male) |
| 20:10 | Construir | Farm |
| 20:36 | Investigar | Scale Barding Armor |
| 20:50 | Construir | Farm |
| 20:50 | Construir | Farm |
| 20:51 | Construir | Farm |
| 20:57 | Construir | Farm |
| 21:02 | Crear | Villager (Male) |
| 21:07 | Crear | Villager (Male) |
| 21:07 | Crear | Villager (Male) |
| 21:07 | Crear | Villager (Male) |
| 21:13 | Construir | Farm |
| 21:20 | Crear | Villager (Male) |
| 21:21 | Crear | Villager (Male) |
| 21:46 | Construir | Farm |
| 21:47 | Construir | Farm |
| 21:47 | Construir | Farm |
| 21:51 | Crear | Villager (Male) |
| 21:51 | Crear | Villager (Male) |
| 21:51 | Crear | Villager (Male) |
| 22:09 | Construir | Monastery |
| 22:16 | Crear | Villager (Male) |
| 22:17 | Crear | Villager (Male) |
| 22:17 | Crear | Villager (Male) |
| 22:17 | Crear | Villager (Male) |
| 22:37 | Crear | Villager (Male) |
| 22:37 | Crear | Villager (Male) |
| 22:37 | Crear | Villager (Male) |
| 22:55 | Crear | Villager (Male) |
| 22:55 | Crear | Villager (Male) |
| 22:59 | Crear | Monk |
| 23:00 | Crear | Monk |
| 23:01 | Crear | Monk |
| 23:12 | Crear | Villager (Male) |
| 23:12 | Crear | Villager (Male) |
| 23:12 | Crear | Villager (Male) |
| 23:23 | Construir | Town Center |
| 23:30 | Construir | Farm |
| 23:31 | Construir | Farm |
| 23:31 | Construir | Farm |
| 23:31 | Construir | Farm |
| 23:31 | Construir | Farm |
| 23:40 | Crear | Villager (Male) |
| 23:40 | Crear | Villager (Male) |
| 23:41 | Crear | Villager (Male) |
| 23:51 | Crear | Villager (Male) |
| 23:51 | Crear | Villager (Male) |
| 24:08 | Crear | Villager (Male) |
| 24:08 | Crear | Villager (Male) |
| 24:09 | Crear | Villager (Male) |
| 24:23 | Investigar | Heavy Plow |
| 24:38 | Construir | Mill |
| 24:41 | Construir | Farm |
| 24:42 | Construir | Farm |
| 24:43 | Construir | Farm |
| 24:55 | Crear | Monk |
| 25:01 | Crear | Spearman |
| 25:05 | Crear | Skirmisher |
| 25:05 | Crear | Skirmisher |
| 25:08 | Crear | Villager (Male) |
Cronología de la partida
| 9:16 | hardiknavet2000 · first_building Barracks |
| 10:56 | Clockwise Haggis · first_building Barracks |
| 11:22 | Georgia · age_up feudal |
| 11:29 | Clockwise Haggis · age_up feudal |
| 13:36 | hardiknavet2000 · age_up feudal |
| 15:16 | Georgia · age_up castle |
| 15:55 | Clockwise Haggis · first_market_buy 100 food |
| 18:44 | Clockwise Haggis · first_building Archery Range |
| 18:54 | Anabella9011 · first_building Monastery |
| 18:59 | Clockwise Haggis · age_up castle |
| 19:25 | hardiknavet2000 · age_up castle |
| 21:47 | Anabella9011 · first_building Castle |
| 22:09 | Clockwise Haggis · first_building Monastery |
| 22:36 | Georgia · first_building Monastery |
| 24:47 | hardiknavet2000 · first_building Castle |
| 25:54 | Clockwise Haggis · first_building Castle |
| 26:36 | hardiknavet2000 · first_building Stable |
| 27:51 | Clockwise Haggis · wall_segment Stone Wall x10 |
| 28:04 | Clockwise Haggis · wall_segment Stone Wall x6 |
| 28:23 | Georgia · first_building Castle |
| 29:47 | Anabella9011 · first_building Siege Workshop |
| 30:18 | Clockwise Haggis · first_market_sell 100 food |
| 30:57 | hardiknavet2000 · age_up imperial |
| 31:05 | Georgia · first_building Barracks |
| 31:17 | Georgia · first_building Siege Workshop |
| 33:01 | Georgia · first_building Stable |
| 33:14 | Georgia · age_up imperial |
| 34:54 | Clockwise Haggis · age_up imperial |
| 36:27 | Clockwise Haggis · first_building Stable |
| 39:12 | Clockwise Haggis · tribute_sent a jugador 1 |
| 39:12 | Clockwise Haggis · tribute_sent a jugador 2 |
| 39:12 | Clockwise Haggis · tribute_sent a jugador 4 |
| 39:20 | Clockwise Haggis · tribute_sent a jugador 1 |
| 39:20 | Clockwise Haggis · tribute_sent a jugador 2 |
| 39:20 | Clockwise Haggis · tribute_sent a jugador 4 |
| 40:50 | Anabella9011 · first_building Barracks |
| 42:05 | hardiknavet2000 · first_market_sell 100 wood |
| 42:16 | Anabella9011 · first_building Stable |
| 47:31 | hardiknavet2000 · first_building Archery Range |
| 49:25 | Clockwise Haggis · tribute_sent a jugador 1 |
| 49:25 | Clockwise Haggis · tribute_sent a jugador 2 |
| 49:25 | Clockwise Haggis · tribute_sent a jugador 4 |
| 49:31 | Clockwise Haggis · tribute_sent a jugador 1 |
| 49:31 | Clockwise Haggis · tribute_sent a jugador 2 |
| 49:31 | Clockwise Haggis · tribute_sent a jugador 4 |
| 49:31 | Anabella9011 · resign |
[ ANÁLISIS IA · 1 CRÉDITO ]
¿Qué pasó realmente en esta partida?
Wolo.gg analiza cada decisión: build order, eco, micro, errores típicos por bracket. Análisis personalizado por WhatsApp o Discord en 30 segundos.
Guía civ
Teutones
Guía mapa
Arena
Perfil
Jugador #14830682